 Dungeon Crawl Stone Soup version 0.28.0-49-g6dfe1f597d (webtiles) character file.

Game seed: 13188566851487334817

104 Atelerd the Digger (level 4, -3/27 HPs)
             Began as an Octopode Earth Elementalist on May 15, 2022.
             Slain by a gnoll
             ... wielding a +0 spear
              (6 damage)
             ... on level 2 of the Dungeon.
             The game lasted 00:02:04 (2281 turns).

Atelerd the Digger (Octopode Earth Elementalist)    Turns: 2281, Time: 00:02:04

Health: -3/27      AC:  1    Str: 13    XL:     4   Next: 80%
Magic:  5/8        EV: 13    Int: 19    God:
Gold:   31         SH:  0    Dex: 12    Spells: 8/9 levels left

rFire   . . .      SeeInvis .   k - +0 dagger (venom)
rCold   . . .      Faith    .   (no shield)
rNeg    . . .      Spirit   .   (helmet restricted)
rPois   .          Reflect  .   (no amulet)
rElec   .          Harm     .   c - +6 ring of strength
rCorr   .          Rampage  .   (no ring)
Will    .....                   (no ring)
Stlth   +++.......              (no ring)
HPRegen 0.09/turn               (no ring)
MPRegen 0.11/turn               (no ring)
                                (no ring)
                                (no ring)

@: very slightly contaminated
A: almost no armour, amphibious, 8 rings, camouflage 1, gelatinous body 1,
(nimble swimmer 1), tentacles
a: no special abilities


You were on level 2 of the Dungeon.
You visited 1 branch of the dungeon, and saw 3 of its levels.

You collected 31 gold pieces.

Inventory:

Hand Weapons
 d - a +0 spear
 g - a +0 dagger
 k - a +0 dagger of venom (weapon)
Missiles
 b - 25 stones
Armour
 j - a +0 hat
Jewellery
 c - a +6 ring of strength (left tentacle)
Scrolls
 a - 3 scrolls of identify {unknown}
 f - a scroll of immolation {unknown}
 l - a scroll of summoning {unknown}
Potions
 e - 2 potions of brilliance {unknown}
 h - 2 potions of curing {unknown}
 i - a potion of cancellation {unknown}


   Skills:
 - Level 2.0 Dodging
 - Level 2.6 Stealth
 + Level 3.0 Spellcasting
 + Level 2.6 Transmutations
 + Level 3.9 Earth Magic


You had 8 spell levels left.
You knew the following spells:

 Your Spells              Type           Power      Damage    Failure   Level
a - Sandblast             Erth           34%        2d9       3%          1

Your spell library contained the following spells:

 Spells                   Type           Power      Damage    Failure   Level
 Passwall                 Tmut/Erth      12%        N/A       6%          2
 Stone Arrow              Conj/Erth      20%        3d8       21%         3
 Petrify                  Tmut/Erth      15%        N/A       36%         4


Dungeon Overview and Level Annotations

Branches:
Dungeon (3/15)

Altars:
Fedhas


Innate Abilities, Weirdness & Mutations

You cannot wear most types of armour.
You are amphibious.
You can wear up to eight rings at the same time.
Your skin changes colour to match your surroundings (Stealth+).
Your rubbery body absorbs attacks. (AC +1, EV +1)
((You are camouflaged when in or above water. (Stealth+)))
You have tentacles for arms and can constrict up to eight enemies at once.


Message History

The gnoll misses you. The gnoll hits you with a +0 halberd!
Ouch! That really hurt!
You are too injured to fight recklessly!
You hit the gnoll but do no damage.
The gnoll is poisoned.
Your grab misses the gnoll. You squeeze the gnoll.
You kill the gnoll!
Your Spellcasting skill increases to level 3!
Things that are here:
a +0 halberd; a gnoll corpse You start resting.
Magic restored.
A gnoll is nearby!
A gnoll is nearby!
A gnoll is nearby!
A gnoll is nearby!
A gnoll is nearby!
You miscast Sandblast.
You are very lightly contaminated with residual magic.
Nothing appears to happen.
The gnoll shouts!
The blast of sand misses the gnoll.
The gnoll hits you from afar with a +0 spear!
You are too injured to fight recklessly!
You are too injured to fight recklessly!
You are too injured to fight recklessly!
You are too injured to fight recklessly!
You are too injured to fight recklessly!
You are too injured to fight recklessly!
The gnoll hits you with a +0 spear!
* * * LOW HITPOINT WARNING * * *
You are too injured to fight recklessly!
You are too injured to fight recklessly!
Casting: Sandblast (safe; 3% risk of failure)
Confirm with . or Enter, or press ? or * to list all spells.
Aiming: Sandblast (safe; 3% risk of failure)
Press: ? - help, Shift-Dir - straight line, f/p - gnoll
Aim: a gnoll, wielding a +0 spear (82% to hit)
The blast of sand misses the gnoll.
The gnoll hits you with a +0 spear.
You die...

#........#.###>#.....#.....†..
.........#...#.####.##........
.###.....##.#.#.# #...........
................# ###........
###...<.##.#.#### #........
..........#......######....."..
..........)...........#........
.....#.........#.####.##.......
..............@g.# #.###.#####
.....#.#######...# #.#.g......
.................# #.#..######
.....#.##...#.#.#####.#........
....#. #.. #.#...>).†.†[######
#. #.#######.#....... # #.
#.#..#.... #. ..######## #.
?...


You could see a gnoll.

Vanquished Creatures
  2 gnolls (D:2)
  3 adders
  A worm (D:3)
  A dart slug (D:1)
  3 bats (D:1)
  6 giant cockroaches
  3 goblins
  7 hobgoblins
  2 jackals (D:2)
  6 ball pythons
  4 frilled lizards
  7 kobolds
  4 rats
49 creatures vanquished.

Notes
Turn   | Place    | Note
-------+----------+-------------------------------------------
     0 | D:1      | Atelerd the Octopode Earth Elementalist began the quest for
                  | the Orb.
     0 | D:1      | Reached XP level 1. HP: 11/11 MP: 3/3
   190 | D:1      | Reached XP level 2. HP: 14/17 MP: 3/5
   412 | D:1      | Reached XP level 3. HP: 21/21 MP: 6/6
   646 | D:1      | Found a faded altar of an unknown god.
   744 | D:2      | Found a blossoming altar of Fedhas.
   787 | D:2      | Found the amulet of the Air {Inacc Air Fly rElec RMsl}
  1247 | D:3      | Reached XP level 4. HP: 27/27 MP: 5/8
  2281 | D:2      | Slain by a gnoll

Illustrated notes

Levels and vault maps discovered:
D:1:      dpeg_arrival_radiant, layout_rooms,
          hellmonk_ecumenical_altar_prayer_group, minmay_tall_x
D:2:      layout_basic, basic_altar, serial_shops, nicolae_shop_hallway_stairs,
          hex_medium
D:3:      layout_basic, grunt_ministairs_2

Skill      XL: |  1  2  3  4 |
---------------+-------------+-----
Transmutations | 2 |  2.6
Spellcasting   | 3 |  3.0
Dodging        | |  2.0
Stealth        | |  2.6
Earth Magic    | |  3.9

Action                   |  1- 3 |  4- 6 || total
-------------------------+-------+-------++-------
Melee: Spear             |    44 |     6 ||    50
       Unarmed           |     2 |       ||     2
       Constrict         |     9 |     4 ||    13
       Tentacles         |     5 |     4 ||     9
       Punch             |     1 |       ||     1
       Dagger            |       |     5 ||     5
 Cast: Sandblast         |    19 |    25 ||    44
 Stab: Sleeping          |     6 |     1 ||     7
Armor: Skin              |     3 |       ||     3
Dodge: Dodged            |    20 |    16 ||    36
